 Dungeon Sprint DCSS version 0.29.1-15-g9cfb28693d (webtiles) character file.

Game seed: 16975335657977143432

439 GigaChad the Carver (level 6, -12/67 HPs)
             Began as a Minotaur Berserker on Mar 30, 2023.
             Was a Believer of Trog.
             Mangled by Sonja
             ... wielding a +0 short sword of distortion
              (18 damage)
             ... in the Dungeon (Sprint I: "Red Sonja").
             The game lasted 00:01:01 (1188 turns).

GigaChad the Carver (Minotaur Berserker)            Turns: 1188, Time: 00:01:03

Health: -12/67     AC:  2    Str: 24    XL:     6   Next: 70%
Magic:  5/5        EV: 13    Int:  4    God:    Trog [**....]
Gold:   297        SH:  0    Dex:  9    Spells: 5/5 levels left

rFire   . . .      SeeInvis .   j - +1 quarterstaff (spect)
rCold   . . .      Faith    .   (shield currently unavailable)
rNeg    . . .      Spirit   .   b - +0 animal skin
rPois   .          Reflect  .   (helmet restricted)
rElec   .          Harm     .   (no cloak)
rCorr   .          Rampage  .   (no gloves)
Will    .....      NoTele   +   (no boots)
Stlth   +.........              (no amulet)
HPRegen 0.21/turn               (no ring)
MPRegen 0.09/turn               (no ring)

@: lethally poisoned (-12 -> -17), slowed, very slow
A: horns 2, retaliatory headbutt
a: Renounce Religion, Berserk, Trog's Hand


You were in the Dungeon.
You worshipped Trog.
Trog was pleased with you.
You visited 1 branch You collected 297 gold pieces.

Inventory:

Hand Weapons
 a - a +0 falchion
 j - a +1 spectral quarterstaff (weapon)
Armour
 b - a +0 animal skin (worn)
Wands
 i - a wand of iceblast (3)
Scrolls
 h - a scroll of blinking
Potions
 c - a potion of curing
 d - a potion of heal wounds
 e - a potion of haste
 f - 2 potions of magic
 g - a potion of berserk rage


   Skills:
 + Level 10.8 Fighting
 + Level 12.1 Long Blades
 + Level 6.0 Armour
 + Level 5.2 Dodging
 + Level 0.5 Stealth


You had 5 spell levels left.
You didn't know any spells.
Your spell library was empty.

Dungeon Overview and Level Annotations

Branches:
Dungeon (1/1)

Altars:
Cheibriados
Dithmenos
Elyvilon
Fedhas
Gozag
Hepliaklqana
Kikubaaqudgha
Nemelex Xobeh
Okawaru
Qazlal
Ru
Sif Muna
Trog
Uskayaw
Vehumet
Wu Jian
Yredelemnul
Zin
The Shining One

Shops:
D !

Annotations:
D Sonja


Innate Abilities, Weirdness & Mutations

You have a pair of horns on your head.
You reflexively headbutt those who attack you in melee.


Message History

You now have 216 gold pieces (gained 27).
You now have 243 gold pieces (gained 27).
You now have 270 gold pieces (gained 27).
You now have 297 gold pieces (gained 27).
You start resting.
You start resting.
HP restored.
There is an open door here.
There is an open door, spattered with blood here.
There is an entrance to Pudgh's Distillery here.
There is an open door, spattered with blood here.
You open the door.
Sonja, the Graceful Assassin comes into view.
She is wielding a +0 short sword of distortion and quivering curare-tipped darts.
Sonja throws a curare-tipped dart.
The curare-tipped dart hits you.
You are poisoned.
You have difficulty breathing.
You feel yourself slow down.
Found 108 gold pieces.
You feel very sick.
Sonja says, "If only old Madame Brzewit could see me now!"
There is an open door here.
You miss Sonja.
You feel very sick. Sonja closely misses you. You furiously retaliate!
You headbutt Sonja!
Sonja hits you with a +0 short sword of distortion.
Space warps around you. Sonja misses you. x2
Sonja hits you with a +0 short sword of distortion. x2
Space warps horribly around you!
Sonja casts a spell.
Sonja blinks!
You are too injured to fight recklessly!
Unknown command.
You are too injured to fight recklessly!
Unknown command.
You feel sick.
Sonja hits you with a +0 short sword of distortion!
* * * LOW HITPOINT WARNING * * *
Sonja hits you with a +0 short sword of distortion.
* * * LOW HITPOINT WARNING * * *
Space warps horribly around you!!
You die...

################
#<.#..)..#..'..#
#..').#..').#..+
#..#####'#####'#
#..####..#...#(#
#..#__####..##.#
#..#_____##'#_.+
#⌠⌠#_.∩...'..._#
####_..__##K@#+#
#_____###'#
####### #§# $.$
#$.$# ##.## #+#


You could see Sonja.

Vanquished Creatures
  Sigmund (D)
  A yak (D)
  An ogre (D)
  A jelly (D)
  Ijyb (D)
5 creatures vanquished.

Notes
Turn   | Place    | Note
-------+----------+-------------------------------------------
     0 | D        | GigaChad the Minotaur Berserker began the quest for the
                  | Orb.
     0 | D        | Reached XP level 1. HP: 19/19 MP: 0/0
     2 | D        | Noticed Ijyb
    11 | D        | Killed Ijyb
    12 | D        | Reached skill level 5 in Fighting
    12 | D        | Reached skill level 5 in Long Blades
    12 | D        | Reached XP level 2. HP: 4/29 MP: 1/1
   484 | D        | Noticed an ogre
   487 | D        | Killed an ogre
   488 | D        | Reached skill level 8 in Long Blades
   488 | D        | Reached XP level 3. HP: 27/39 MP: 2/2
   488 | D        | Reached XP level 4. HP: 33/47 MP: 3/3
   852 | D        | Noticed Sigmund
   862 | D        | Killed Sigmund
   862 | D        | Reached ** piety under Trog
   863 | D        | Reached skill level 10 in Long Blades
   863 | D        | Reached skill level 5 in Armour
   863 | D        | Reached XP level 5. HP: 38/57 MP: 4/4
   863 | D        | Reached XP level 6. HP: 43/64 MP: 5/5
  1034 | D        | Found an ornate altar of the Wu Jian Council.
  1034 | D        | Found a shimmering blue altar of Sif Muna.
  1036 | D        | Found a radiant altar of Vehumet.
  1048 | D        | Found Pudgh's Distillery.
  1048 | D        | Found an ancient bone altar of Kikubaaqudgha.
  1048 | D        | Found a hazy altar of Hepliaklqana.
  1048 | D        | Found a stormy altar of Qazlal.
  1048 | D        | Found a hide-covered altar of Uskayaw.
  1048 | D        | Found a blossoming altar of Fedhas.
  1048 | D        | Found a bloodstained altar of Trog.
  1048 | D        | Found an iron altar of Okawaru.
  1048 | D        | Found a basalt altar of Yredelemnul.
  1048 | D        | Found a glowing golden altar of the Shining One.
  1048 | D        | Found a snail-covered altar of Cheibriados.
  1048 | D        | Found a sacrificial altar of Ru.
  1048 | D        | Found a glowing silver altar of Zin.
  1048 | D        | Found a shadowy altar of Dithmenos.
  1048 | D        | Found a white marble altar of Elyvilon.
  1048 | D        | Noticed a yak
  1052 | D        | Killed a yak
  1053 | D        | Reached skill level 10 in Fighting
  1053 | D        | Reached skill level 12 in Long Blades
  1053 | D        | Reached skill level 5 in Dodging
  1053 | D        | Found an opulent altar of Gozag.
  1054 | D        | Found a sparkling altar of Nemelex Xobeh.
  1185 | D        | Noticed Sonja
  1188 | D        | Mangled by Sonja

Illustrated notes

Levels and vault maps discovered:
D:        dungeon_sprint_1 [red_sonja_temple_1, red_sonja_temple_small_1]

Skill      XL: |  1  2  3  4  5  6 |
---------------+-------------------+-----
Fighting       | 5 7 9 10 | 10.8
Long Blades    | 5 8 10 12 | 12.1
Armour         | 3 4 5 6 |  6.0
Dodging        | 3 4 5 |  5.2
Stealth        | |  0.5

Action                   |  1- 3 |  4- 6 || total
-------------------------+-------+-------++-------
Melee: Falchion          |     9 |    10 ||    19
       Headbutt          |     4 |     3 ||     7
       Quarterstaff      |       |     5 ||     5
Invok: Berserk           |     2 |       ||     2
Dodge: Dodged            |     4 |     5 ||     9
